 Dungeon Crawl Stone Soup version 0.30-a0-726-gd89dcf765f (webtiles) character file.

Game seed: 3991423583239394516

460 timneilson the Shield-Bearer (level 7, -9/43 HPs)
             Began as a Gargoyle Fighter on Jan 29, 2023.
             Killed from afar by a white imp (13 damage)
             ... with a puff of frost
             ... on level 6 of the Dungeon on Jan 30, 2023.
             The game lasted 00:05:32 (2287 turns).

timneilson the Shield-Bearer (Gargoyle Fighter)     Turns: 2287, Time: 00:05:33

Health: -9/43      AC: 17    Str: 21    XL:     7   Next: 7%
Magic:  7/7        EV:  7    Int:  9    God:
Gold:   193        SH:  5    Dex:  9    Spells: 6/6 levels left

rFire   . . .      SeeInvis .    a - +1 long sword
rCold   . . .      Faith    .    c - +1 buckler
rNeg    + . .      Spirit   .    i - +0 chain mail
rPois   ∞          Reflect  .    n - +0 helmet
rElec   +          Harm     .    b - +0 cloak
rCorr   .          Rampage  .    (no gloves)
Will    .....                    (no boots) Stlth
                                 (no amulet)
HPRegen 0.27/turn                (no ring)
MPRegen 0.10/turn                (no ring)

@: no status effects
A: sickness immunity, AC +4, negative energy resistance 1, electricity
resistance, torment resistance 1, petrification resistance
a: no special abilities


You were on level 6 of the Dungeon.
You visited 1 branch of the dungeon, and saw 5 of its levels.

You collected 193 gold pieces.

Inventory:

Hand Weapons
 a - a +1 long sword (weapon)
Armour
 b - a +0 cloak (worn)
 c - a +1 buckler (worn)
 i - a +0 chain mail (worn)
 n - a +0 helmet (worn)
Jewellery
 u - a ring of willpower
Wands
 l - a wand of roots (7)
Scrolls
 j - a scroll of magic mapping
 o - a scroll of fog
 p - a scroll of identify
 q - a scroll of teleportation
 t - a scroll of silence
Potions
 d - a potion of might
 e - 3 potions of lignification
 f - a potion of curing {unknown}
 g - a potion of heal wounds
 h - a potion of brilliance {unknown}
 k - a potion of ambrosia {unknown}
 m - a potion of flight {unknown}
 r - a potion of degeneration {unknown}
 s - a potion of attraction {unknown}


   Skills:
 + Level 4.2 Fighting
 * Level 3.5 Long Blades
 * Level 4.9 Armour
 + Level 1.6 Dodging
 * Level 5.0 Shields
 + Level 1.5 Evocations


You had 6 spell levels left.
You didn't know any spells.
Your spell library contained the following spells:

 Spells                   Type           Power      Damage    Failure   Level
 Magic Dart               Conj           0%         1d3       99%         1
 Summon Small Mammal      Summ           0%         N/A       99%         1
 Call Imp                 Summ           0%         N/A       100%        2
 Call Canine Familiar     Summ           0%         N/A       100%        3
 Mephitic Cloud           Conj/Pois/Air  0%         N/A       100%        3
 Portal Projectile        Hex/Tloc       0%         N/A       100%        3
 Summon Guardian Golem    Hex/Summ       0%         N/A       100%        3
 Tukima's Dance           Hex            0%         N/A       100%        3
 Blade Hands              Tmut           0%         N/A       100%        5


Dungeon Overview and Level Annotations

Branches:
Dungeon (4/15)
 Temple: D:4-7

Altars:


Innate Abilities, Weirdness & Mutations

You are immune to sickness and miasma.
Your stone body is resilient. (AC +4)
You are immune to poison.
You resist negative energy. (rN+)
You are resistant to electric shocks. (rElec)
You are resistant to unholy torment.
You are immune to petrification.


Message History

You kill the gnoll!
You hear a shout! x3
Your Shields skill increases to level 5!
You barely miss the white imp.
The white imp hits you but does no damage.
You barely miss the white imp. The white imp hits you.
The white imp freezes you.
You hit the white imp.
The white imp is lightly wounded.
The white imp shouts, "Leave, thou unhinged tickle-brained bootlicker!"
The white imp hits you but does no damage.
An orc wizard comes into view. It is wielding a +0 dagger.
The white imp summons a swarm of flies.
The white imp hits you but does no damage.
You hit the white imp but do no damage.
The white imp is lightly wounded.
You block the white imp's attack.
You barely miss the white imp.
The white imp is lightly wounded.
The white imp gestures at you.
The puff of frost hits you but does no damage.
You closely miss the white imp.
The white imp is lightly wounded.
The white imp hits you but does no damage.
You slash the white imp!
The white imp is severely wounded.
The white imp hits you. The white imp freezes you.
An orc priest comes into view. It is wielding a +0 mace.
The white imp barely misses you. The white imp attacks as you move away!
The white imp hits you but does no damage.
The white imp gestures at you. The puff of frost misses you.
The orc priest looks braver for a moment.
The white imp gestures at you. The puff of frost hits you!
* * * LOW HITPOINT WARNING * * *
The white imp gestures at you. The puff of frost hits you!
You die...

#o#### #....#
####.# ####
#####g#### ..#
#.(##o#)[# #.#
#..+.5'.)# #.#
##'#..#'###
#.#####........#
#.##..@........#
#.#..##'#..#'###
#.#.##..'..'..#
#....#..#.##..#
#########.#####
..# #.## #. #.


You could see a white imp.

Vanquished Creatures
  A phantom (D:4)
  A necrophage (D:4)
  A scorpion (D:3)
  An orc priest (D:3)
  2 jellies
  A gnoll bouda (D:6)
  Terence (D:3)
  An iguana (D:6)
  3 gnolls (D:6)
  2 adders
  A worm (D:4)
  A dart slug (D:3)
  8 orcs (D:3)
  4 bats
  A giant cockroach (D:2)
  5 goblins
  A hobgoblin (D:2)
  A kobold (D:2)
  A quokka (D:1)
  4 ball pythons
  4 frilled lizards
  5 rats
50 creatures vanquished.

Notes
Turn   | Place    | Note
-------+----------+-------------------------------------------
     0 | D:1      | timneilson the Gargoyle Fighter began the quest for the
                  | Orb.
     0 | D:1      | Reached XP level 1. HP: 14/14 MP: 1/1
   216 | D:1      | Reached XP level 2. HP: 17/19 MP: 2/2
   645 | D:2      | Found a faded altar of an unknown god.
   939 | D:2      | Reached XP level 3. HP: 23/23 MP: 3/3
  1252 | D:3      | Noticed a scorpion
  1269 | D:3      | Killed a scorpion
  1270 | D:3      | Reached skill level 4 in Shields
  1270 | D:3      | Reached XP level 4. HP: 26/28 MP: 4/4
  1437 | D:3      | Reached skill level 1 in Dodging
  1437 | D:3      | Reached XP level 5. HP: 16/33 MP: 5/5
  1784 | D:3      | Noticed Terence
  1802 | D:3      | Killed Terence
  1867 | D:4      | Noticed a phantom
  1902 | D:4      | Killed a phantom
  1903 | D:4      | Reached skill level 1 in Evocations
  1903 | D:4      | Reached XP level 6. HP: 5/38 MP: 6/6
  2092 | D:4      | You fall into a shaft and drop 2 floors!
  2242 | D:6      | Reached XP level 7. HP: 38/43 MP: 7/7
  2270 | D:6      | Reached skill level 5 in Shields
  2287 | D:6      | Killed from afar by a white imp

Illustrated notes

Levels and vault maps discovered:
D:1:      evilmike_arrival_crescent, layout_basic
D:2:      layout_rooms, ebering_ecumenical_altar_abandoned
D:3:      layout_basic, nicolae_concentric_dashed_squares_wild,
          minmay_misc_feat_chi, uniq_terence
D:4:      layout_loops_ring
D:6:      layout_loops_ring, temple_fountains, minivault_10

Skill      XL: |  1  2  3  4  5  6  7 |
---------------+----------------------+-----
Long Blades    | 2 3 |  3.5
Armour         | 4 |  4.9
Shields        | 4 5 |  5.0
Dodging        | 1 |  1.6
Evocations     | 1 |  1.5
Fighting       | 4 |  4.2

Action                     |  1- 3 |  4- 6 |  7- 9 || total
---------------------------+-------+-------+-------++-------
  Melee: Long sword        |   101 |   167 |    32 ||   300
    Use: Scroll            |     7 |     2 |       ||     9
         Potion            |       |     3 |       ||     3
 Armour: Scale mail        |    52 |       |       ||    52
         Chain mail        |       |    87 |    28 ||   115
  Dodge: Dodged            |    51 |    52 |    12 ||   115
  Block: Buckler           |    36 |    38 |     7 ||    81

Table legend: (Time is in decaauts)
 A = Elapsed time spent in this place.
 B = Non-inter-level travel time spent in this place.
 C = Inter-level travel time spent in this place.
 D = Time resting spent in this place.
 E = Time spent auto-exploring this place.
 F = Levels seen in this place.
 G = Mean time per level.
                   A        B        C        D        E       F      G
               +--------+--------+--------+--------+--------+-----+--------+
         Total |   2378 |   2298 |     80 |     37 |   1537 |   5 |  475.6 |
       Dungeon |   2378 |   2298 |     80 |     37 |   1537 |   5 |  475.6 |
               +--------+--------+--------+--------+--------+-----+--------+

Top non-repeatable levels by time:
     D:3: 794 daAuts
     D:1: 613 daAuts
     D:2: 507 daAuts
     D:4: 247 daAuts
     D:6: 215 daAuts
